 Dungeon Crawl Stone Soup version 0.14-a0-2632-gd2f732a (webtiles) character file.

87443 4tharraofdagon the Warrior (level 15, -16/174 HPs)
             Began as an Ogre Fire Elementalist on Feb 15, 2014.
             Was an Elder of Cheibriados.
             Killed from afar by a lich (60 damage)
             ... with a bolt of cold
             ... on Level 1 of the Abyss.
             The game lasted 01:25:05 (10060 turns).

4tharraofdagon the Warrior (OgFE)                  Turns: 10060, Time: 01:25:05

HP -16/174       AC 20     Str 35      XL: 15   Next: 88%
MP   9/33        EV 19     Int 30      God: Cheibriados [****..]
Gold 767         SH 32     Dex 27      Spells:  4 memorised, 25 levels left

rFire  . . .     SeeInvis .     H - +2,+10 mace of Causality {vamp, rN+}
rCold  . . .     Clarity  .     Q - +4 troll leather armour
rNeg   + . .     Conserve .     Z - +6 shield of the Hare {+Inv rPois Dam+4}
rPois  +         rCorr    .     (helmet restricted)
rElec  .         rRot     .     x - +2 cloak {rPois}
SustAb . .       Spirit   .     (gloves unavailable)
rMut   .         Warding  .     (boots unavailable)
Gourm  +         NoTele   +     K - amulet "Psuqekka" {Gourm Dex+3 Int+3 Stlth-}
MR     +....                    R - ring "Nipy" {-Tele Str+1 Dex+2 Int+3}
                                M - ring "Preshreq" {Wiz Str+2 Dex+3}

@: very slow, somewhat resistant to hostile enchantments, unstealthy
A: unfitting armour, iridescent scales 1, rough black scales 1, fast metabolism
2, saprovore 1, tough skin 1
a: Bend Time, Temporal Distortion, Slouch, Renounce Religion, Evoke Invisibility


You were on level 1 of the Abyss.
You worshipped Cheibriados.
Cheibriados was greatly pleased with you.
You were very full.

You visited 5 branches of the dungeon, and saw 26 of its levels.
You visited the Abyss 1 time.
You also visited: Labyrinth, Sewer, Bailey and Wizlab.

You collected 2010 gold pieces.
You spent 1243 gold pieces at shops.

Inventory:

Hand weapons
 f - the +9,+4 mace "Poakkine" {crush, rF+ Dex+3 Int+4}
   (You bought it in a shop on level 1 of the Elven Halls)

   It inflicts extra damage upon your enemies.
   It affects your intelligence (+4).
   It affects your dexterity (+3).
   It protects you from fire.
 E - the +1,+0 flail of Riewaeq {drain, MR++}
   (You bought it in a shop on level 4 of the Orcish Mines)

   A truly terrible weapon, it drains the life of those it strikes.
   It affects your resistance to hostile enchantments.
 H - the +2,+10 mace of Causality (weapon) {vamp, rN+}
   (You found it on level 6 of the Dungeon)

   It inflicts no extra harm, but heals its wielder somewhat when it strikes a
   living foe.
   It protects you from negative energy.
Missiles
 e - a javelin (quivered)
Armour
 x - a +2 cloak of poison resistance (worn)
 Q - a +4 troll leather armour (worn)
 Z - the +6 shield of the Hare (worn) {+Inv rPois Dam+4}
   (You bought it in a shop on level 4 of the Orcish Mines)

   It affects your damage with ranged weapons and melee attacks (+4).
   It protects you from poison.
   It lets you turn invisible.
Magical devices
 j - a wand of lightning (3)
 k - a wand of cold (5)
 l - a wand of lightning (3)
 u - a wand of flame (14)
 D - a wand of teleportation (9)
 G - a wand of polymorph (11)
 V - a wand of teleportation (3)
 W - a wand of disintegration (10)
 Y - a wand of slowing (18)
Comestibles
 c - 3 meat rations
 p - 6 bread rations
Scrolls
 d - a scroll of amnesia
 g - 8 scrolls of remove curse
 h - 4 scrolls of immolation {unknown}
 i - a scroll of enchant armour
 m - 2 scrolls of enchant weapon II {unknown}
 n - 3 scrolls of blinking {unknown}
 I - a scroll of noise
 L - 2 scrolls of fear {unknown}
 N - 2 scrolls of teleportation
 X - 2 scrolls of torment
Jewellery
 y - an uncursed ring of ice
 A - an uncursed amulet of resist corrosion
 K - the amulet "Psuqekka" (around neck) {Gourm Dex+3 Int+3 Stlth-}
   (You found it on level 7 of the Dungeon)

   [amulet of the gourmand]

   It affects your intelligence (+3).
   It affects your dexterity (+3).
   It makes you much less stealthy.
 M - the ring "Preshreq" (left hand) {Wiz Str+2 Dex+3}
   (You found it in a labyrinth)

   [ring of wizardry]

   It affects your strength (+2).
   It affects your dexterity (+3).
 R - the ring "Nipy" (right hand) {-Tele Str+1 Dex+2 Int+3}
   (You found it in a labyrinth)

   [ring of intelligence]

   It affects your intelligence (+3).
   It affects your strength (+1).
   It affects your dexterity (+2).
   It prevents most forms of teleportation.
Potions
 a - a potion of brilliance {unknown}
 o - 2 potions of might
 q - 6 potions of curing
 s - a potion of flight
 v - 3 potions of speed
 w - 2 potions of agility
 z - 2 potions of restore abilities
 B - 3 potions of magic
 J - 2 potions of lignification
Books
 b - a book of Flames

   Spells                             Type                      Level
   Flame Tongue                       Conjuration/Fire             1
   Throw Flame                        Conjuration/Fire             2
   *Conjure Flame                     Conjuration/Fire             3
   Inner Flame                        Hexes/Fire                   3
   *Sticky Flame                      Conjuration/Fire             4
   Fireball                           Conjuration/Fire             5
 t - a Grand Grimoire {highlevel}

   This book is beyond your current level of understanding.

   Spells                             Type                      Level
   Demonic Horde                      Summoning                    6
   Mass Abjuration                    Summoning                    6
   Haunt                              Necromancy/Summoning         7
   Summon Greater Demon               Summoning                    7
   Malign Gateway                     Summoning/Translocation      7
   Summon Horrible Things             Summoning                    8
 C - a book of Callings

   Spells                             Type                      Level
   Summon Small Mammal                Summoning                    1
   Call Imp                           Summoning                    2
   Call Canine Familiar               Summoning                    3
   Summon Scorpions                   Summoning/Poison             4
   Summon Ice Beast                   Ice/Summoning                4
 O - a book of Hinderance

   Spells                             Type                      Level
   Confusing Touch                    Hexes                        1
   Slow                               Hexes                        2
   Confuse                            Hexes                        3
   Petrify                            Transmutation/Earth          4
   Leda's Liquefaction                Hexes/Earth                  4
   Metabolic Englaciation             Hexes/Ice                    5
 P - a book of the Sky

   Spells                             Type                      Level
   Flight                             Charms/Air                   3
   Airstrike                          Air                          4
   Silence                            Hexes/Air                    5
   Deflect Missiles                   Charms/Air                   6
   Conjure Ball Lightning             Conjuration/Air              6
   Tornado                            Air                          9
 S - a Young Poisoner's Handbook

   Spells                             Type                      Level
   Sting                              Conjuration/Poison           1
   Cure Poison                        Poison                       2
   Mephitic Cloud                     Conjuration/Poison/Air       3
   Olgreb's Toxic Radiance            Poison                       4
   Venom Bolt                         Conjuration/Poison           5
Magical staves
 T - an uncursed staff of death {unknown}
 U - an uncursed staff of summoning {unknown}
Miscellaneous
 F - an ornate deck of war {the Elixir}


   Skills:
 * Level 17.4 Fighting
 * Level 17.0 Maces & Flails
 + Level 9.4 Dodging
 - Level 1.5 Stealth
 + Level 6.3 Shields
 + Level 10.5 Spellcasting
 - Level 2.6 Conjurations
 - Level 1.8 Translocations
 - Level 3.5 Fire Magic
 + Level 9.5 Invocations
 + Level 6.8 Evocations


You had 25 spell levels left.
You knew the following spells:

 Your Spells              Type           Power        Failure   Level  Hunger
a - Apportation           Tloc           ####......   1%          1    None
b - Conjure Flame         Conj/Fire      ####....     1%          3    None
c - Sticky Flame          Conj/Fire      ####....     5%          4    None
d - Blink                 Tloc           N/A          1%          2    None


Dungeon Overview and Level Annotations

Branches:
Dungeon (10/16)            Temple (1/1) D:5             Orc (4/4) D:9
    Elf (3/3) Orc:4          Lair (8/8) D:9          Shoals (0/5) Lair:4
 Spider (0/5) Lair:3        Slime (0/6) Lair:8

Altars:
Ashenzari
Cheibriados
Dithmenos
Kikubaaqudgha
Nemelex Xobeh
Okawaru
Sif Muna
Trog
Zin
Beogh
Jiyva

Shops:
D:5 *   Orc:3 (   Orc:4 [/((   Elf:1 ([(

Annotations:
D:4 Natasha


Innate Abilities, Weirdness & Mutations

You are too large for most types of armour.
You have a very fast metabolism.
You can tolerate rotten meat.
You have tough skin (AC +1).
You are partially covered in iridescent scales (AC +4).
You are partially covered in rough black scales (AC +4, Dex -1).


Message History

Unknown command.
Unknown command.
Casting: Conjure Flame
Confirm with . or Enter, or press ? or * to list all spells.
Aiming: Sticky Flame
Press: ? - help, Shift-Dir - straight line, f - lich
Aim: a lich (flame)
The sticky flame hits the lich.
The lich is lightly damaged.
The lich is covered in liquid flames!
The lich burns!
The lich is engulfed in roaring flames.
The lich touches you!
* * * LOW HITPOINT WARNING * * *
You block the tentacled starspawn's attack.
Unknown command.
Unknown command.
Drink which item? (? for menu, Esc to quit)
You feel much better.
The lich burns!
The lich is engulfed in roaring flames.
The lich points at you and mumbles some strange words.
The bolt of cold hits you!
You die...

. . #. ## ##..#. #. #
#.### .... # #.####.###
#...# ..# #
#.....#.....#.... . .
##...###...###...###.
...#.....#.....#.....# .
.......§LXw.......... ...
........@................
#....#..#.##...###.. #. .
###.......# ##.#.#..
#.#..#.... #.##... #.
....##.#..#.#. .# ..... #
#. . .. .. .#### . # .#
... ....# . #


You could see a tentacled starspawn, a lich (burning) and a starspawn tentacle.

Vanquished Creatures
  2 orc warlords
  4 deep elf sorcerers (Elf:3)
  A deep elf demonologist (Elf:3)
  4 deep elf annihilators
  A purple draconian (WizLab)
  2 deep elf death magi (Elf:3)
  A minotaur (Lab)
  A deep elf high priest (Elf:3)
  Fannar (Orc:4)
  The ghost of 4tharraofdagon the Spear-Bearer, an experienced CeGl of Dithmenos (Lair:4)
  A hydra (Lair:8)
  2 spectral elves (Elf:3)
  2 orc high priests
  6 death yaks (Lair:7)
  3 large abominations
  2 thrashing horrors (Abyss:1)
  3 deep elf knights
  The ghost of MrRokkomies the Cleaver, an experienced LOBe of Trog (Bailey)
  6 deep elf summoners (Elf:1)
  An orc knight (Orc:4)
  A lindwurm (Lair:8)
  4 deep elf conjurers
  A sixfirhy (Orc:3)
  2 orc sorcerers (Orc:3)
  An octopode (shapeshifter) (Elf:2)
  2 worldbinders (Abyss:1)
  3 black mambas
  A smoke demon (Orc:3)
  Maurice (Orc:4)
  2 griffons (Lair:7)
  A spriggan druid (Lair:8)
  15 elephants
  6 spiny frogs
  5 small abominations
  A demonic crawler (Abyss:1)
  An orange demon (Abyss:1)
  A fire drake (Lair:6)
  2 jumping spiders
  A hellwing (Elf:3)
  Grinder (D:4)
  5 deep elf priests
  A two-headed ogre (Orc:3)
  3 trolls
  3 komodo dragons
  14 spriggans (Lair:8)
  8 giant fireflies (Lair:8)
  9 blink frogs
  2 ynoxinuls (Orc:3)
  2 wyverns
  5 grizzly bears (Lair:8)
  2 basilisks
  22 yaks
  2 redbacks (Elf:1)
  7 sharks
  14 deep elf magi
  6 hippogriffs
  An elephant slug (Lair:8)
  12 deep elf fighters
  A chaos spawn (Elf:3)
  23 wolves
  5 porcupines
  4 ice beasts
  A sky beast (D:5)
  6 black bears
  10 ogres
  29 orc warriors
  5 giant goldfish
  4 wargs
  A lost soul (Elf:3)
  6 crocodiles
  3 big kobolds (Sewer)
  9 giant slugs
  7 water moccasins
  5 giant frogs
  9 agate snails
  A cyclops skeleton (D:8)
  4 electric eels
  7 jellyfish
  13 wights
  A two-headed ogre zombie (Orc:3)
  2 crimson imps
  33 orc priests
  A giant frog zombie (D:6)
  3 big fish
  5 hounds
  An elf zombie (Orc:3)
  3 jellies
  An orange rat (Elf:1)
  7 iguanas
  2 scorpions
  34 orc wizards
  2 worker ants
  18 sheep
  A hound skeleton (D:4)
  17 gnolls
  An orange rat skeleton (Sewer)
  9 adders
  A giant centipede (Lair:4)
  54 green rats
  2 giant mites
  A goliath beetle zombie (D:9)
  3 worms
  9 ufetubi (Orc:3)
  An adder zombie (D:5)
  7 grey rats
  7 giant geckos
  3 oozes
  193 orcs
  15 hobgoblins
  14 jackals
  20 kobolds
  8 quokkas
  16 bats
  2 giant cockroaches
  A giant gecko skeleton (D:5)
  2 giant newts
  A giant spore (D:8)
  35 goblins
  A green rat skeleton (Sewer)
  A green rat zombie (Sewer)
  A grey rat skeleton (Sewer)
  2 grey rat zombies (Sewer)
  A hobgoblin skeleton (D:4)
  A kobold skeleton (D:4)
  3 orc zombies (Orc:3)
  A quokka skeleton (D:7)
  22 rats
  A rat zombie (Sewer)
  2 fungi
  A plant (D:9)
  A starspawn tentacle (Abyss:1)
942 creatures vanquished.

Vanquished Creatures (collateral kills)
  A crocodile (Lair:8)
1 creature vanquished.

Vanquished Creatures (others)
  A deep elf fighter (Elf:3)
  An electric eel (Lair:5)
  An orc (Orc:4)
  A fungus (Lair:8)
4 creatures vanquished.

Grand Total: 947 creatures vanquished

Notes
Turn   | Place    | Note
--------------------------------------------------------------
     0 | D:1      | 4tharraofdagon, the Ogre Fire Elementalist, began the quest for the Orb.
     0 | D:1      | Reached XP level 1. HP: 16/16 MP: 3/3
   236 | D:2      | Reached skill level 1 in Fighting
   236 | D:2      | Reached XP level 2. HP: 19/27 MP: 1/5
   353 | D:3      | Reached skill level 1 in Conjurations
   353 | D:3      | Reached XP level 3. HP: 35/35 MP: 2/6
   364 | D:3      | Learned a level 3 spell: Conjure Flame
   533 | D:3      | Reached skill level 1 in Maces & Flails
   703 | D:4      | Noticed Grinder
   714 | D:3      | Reached XP level 4. HP: 21/42 MP: 4/8
   834 | D:2      | Learned a level 4 spell: Sticky Flame
   912 | D:3      | Gained mutation: You are partially covered in iridescent scales (AC +4). [potion of beneficial mutation]
   919 | D:4      | Noticed Natasha
   924 | D:4      | Killed Grinder
   924 | D:4      | Reached skill level 3 in Fighting
   924 | D:4      | Reached XP level 5. HP: 39/54 MP: 6/11
   924 | D:4      | Reached XP level 6. HP: 44/62 MP: 7/13
   982 | D:4      | Found a sparkling altar of Nemelex Xobeh.
  1032 | D:4      | Reached skill level 4 in Fighting
  1078 | D:4      | Noticed an ogre
  1116 | D:4      | Killed an ogre
  1116 | D:4      | Reached XP level 7. HP: 69/71 MP: 1/15
  1195 | D:5      | Entered Level 5 of the Dungeon
  1274 | D:5      | Found a staircase to the Ecumenical Temple.
  1293 | Temple   | Entered the Ecumenical Temple
  1328 | Temple   | Became a worshipper of Cheibriados the Contemplative
  1375 | D:5      | Found Amale's General Store.
  1404 | D:5      | Bought a scroll of remove curse for 30 gold pieces
  1404 | D:5      | Bought a scroll of magic mapping for 35 gold pieces
  1404 | D:5      | Bought a potion of restore abilities for 30 gold pieces
  1453 | D:5      | Reached skill level 5 in Fighting
  1462 | D:5      | Reached skill level 5 in Maces & Flails
  1469 | D:5      | Gained mutation: You are partially covered in rough black scales (AC +4, Dex -1). [mutagenic meat]
  1471 | D:5      | Gained mutation: You have a very fast metabolism. [mutagenic meat]
  1498 | D:5      | Found an ancient bone altar of Kikubaaqudgha.
  1566 | D:5      | Found a glowing drain.
  1573 | Sewer    | Entered a sewer
  1666 | Sewer    | Reached XP level 8. HP: 83/83 MP: 12/17
  1694 | Sewer    | Reached skill level 6 in Fighting
  2190 | D:6      | Reached skill level 1 in Invocations
  2210 | D:6      | Reached skill level 7 in Fighting
  2285 | D:6      | Acquired Cheibriados' first power
  2303 | D:6      | Found a shadowy altar of Dithmenos.
  2357 | D:6      | Reached XP level 9. HP: 93/93 MP: 15/20
  2431 | D:6      | Got an ancient mace
  2459 | D:6      | Identified the +2,+10 mace of Causality {vamp, rN+} (You found it on level 6 of the Dungeon)
  2514 | D:7      | Got a fine bone amulet
  2772 | D:8      | Found a flagged portal.
  2781 | Bailey   | Entered a bailey
  2785 | Bailey   | Acquired Cheibriados' second power
  2818 | Bailey   | Noticed MrRokkomies' ghost (experienced LOBe)
  2827 | Bailey   | Paralysed by a potion of paralysis for 4 turns
  2839 | Bailey   | Killed MrRokkomies' ghost
  2839 | Bailey   | Reached skill level 8 in Fighting
  2839 | Bailey   | Reached skill level 5 in Spellcasting
  2839 | Bailey   | Reached skill level 1 in Evocations
  3028 | D:8      | Acquired Cheibriados' third power
  3331 | D:9      | Reached skill level 9 in Fighting
  3345 | D:9      | Found a staircase to the Lair.
  3451 | D:9      | Reached XP level 10. HP: 107/107 MP: 23/23
  3546 | D:9      | Found a staircase to the Orcish Mines.
  3661 | D:10     | Entered Level 10 of the Dungeon
  3813 | Lair:1   | Entered Level 1 of the Lair of Beasts
  3817 | Lair:1   | Reached skill level 5 in Dodging
  3857 | Lair:1   | Reached skill level 12 in Fighting
  3857 | Lair:1   | Reached XP level 11. HP: 115/124 MP: 25/25
  3872 | Lair:1   | Noticed a black mamba
  3877 | Lair:1   | Killed a black mamba
  3963 | Lair:1   | Identified the amulet "Psuqekka" {Gourm Dex+3 Int+3 Stlth-} (You found it on level 7 of the Dungeon)
  4041 | Lair:2   | Found an iron altar of Okawaru.
  4312 | Lair:3   | Found a hole to the Spider Nest.
  4317 | Lair:3   | Reached skill level 13 in Fighting
  4452 | Lair:4   | Found a labyrinth entrance.
  4472 | Lab      | Entered a labyrinth
  4670 | Lab      | Noticed a minotaur
  4677 | Lab      | Killed a minotaur
  4688 | Lab      | Got a crude iron ring
  4688 | Lab      | Got a warped iron ring
  4698 | Lair:4   | Identified the ring "Preshreq" {Wiz Str+2 Dex+3} (You found it in a labyrinth)
  4747 | Lair:4   | Identified the ring "Nipy" {-Tele Str+1 Dex+2 Int+3} (You found it in a labyrinth)
  4766 | Lair:4   | Reached skill level 1 in Shields
  4766 | Lair:4   | Reached XP level 12. HP: 136/136 MP: 26/26
  4839 | Lair:5   | Reached skill level 5 in Invocations
  5210 | Lair:8   | Entered Level 8 of the Lair of Beasts
  5222 | Lair:8   | Reached skill level 14 in Fighting
  5324 | Lair:7   | Noticed a death yak
  5326 | Lair:7   | Noticed a death yak
  5326 | Lair:7   | Noticed a death yak
  5327 | Lair:7   | Noticed a death yak
  5328 | Lair:7   | Noticed a death yak
  5329 | Lair:7   | Noticed a death yak
  5332 | Lair:7   | Killed a death yak
  5332 | Lair:7   | Killed a death yak
  5336 | Lair:7   | Killed a death yak
  5340 | Lair:7   | Killed a death yak
  5341 | Lair:7   | Killed a death yak
  5343 | Lair:7   | Killed a death yak
  5343 | Lair:7   | Reached XP level 13. HP: 148/148 MP: 1/29
  5537 | Lair:8   | Found a staircase to the Slime Pits.
  5537 | Lair:8   | Found a viscous altar of Jiyva.
  5537 | Lair:8   | Noticed a four-headed hydra
  5550 | Lair:8   | Killed a four-headed hydra
  5858 | Lair:8   | Reached skill level 15 in Fighting
  5881 | Lair:8   | Noticed a spriggan rider
  5884 | Lair:8   | Killed a spriggan rider
  5884 | Lair:8   | Killed a giant firefly
  5925 | Lair:8   | Reached skill level 5 in Evocations
  5930 | Lair:8   | Noticed a spriggan rider
  5943 | Lair:8   | Killed a spriggan rider
  5943 | Lair:8   | Killed a giant firefly
  5943 | Lair:8   | Reached skill level 15 in Maces & Flails
  6084 | Lair:8   | Reached XP level 14. HP: 122/159 MP: 27/30
  6239 | Lair:7   | Learned a level 1 spell: Apportation
  6242 | Lair:7   | Learned a level 2 spell: Blink
  6544 | Lair:4   | Found a staircase to the Shoals.
  6558 | Lair:4   | Reached skill level 5 in Shields
  6600 | Lair:4   | Noticed 4tharraofdagon's ghost (experienced CeGl)
  6610 | Lair:4   | Killed 4tharraofdagon's ghost
  6610 | Lair:4   | Reached skill level 1 in Translocations
  6917 | Orc:1    | Entered Level 1 of the Orcish Mines
  7598 | Orc:3    | Noticed an orc warlord
  7611 | Orc:3    | Killed an orc warlord
  7611 | Orc:3    | Reached skill level 16 in Fighting
  7851 | Orc:3    | Found Smiabruu's Antique Weapon Shoppe.
  7865 | Orc:3    | Bought a giant spiked club for 55 gold pieces
  7989 | Orc:4    | Entered Level 4 of the Orcish Mines
  7994 | Orc:4    | Noticed Maurice
  8003 | Orc:4    | Killed Maurice
  8096 | Orc:4    | Found a roughly hewn altar of Beogh.
  8207 | Orc:4    | Found a roughly hewn altar of Beogh.
  8226 | Orc:4    | Found Korgh's Magical Wand Boutique.
  8363 | Orc:4    | Found a roughly hewn altar of Beogh.
  8376 | Orc:4    | Found Hayf Blu's Weapon Boutique.
  8400 | Orc:4    | Noticed Fannar
  8418 | Orc:4    | Killed Fannar
  8462 | Orc:4    | Found a staircase to the Elven Halls.
  8485 | Orc:4    | Found a roughly hewn altar of Beogh.
  8723 | Orc:4    | Noticed an orc warlord
  8814 | Orc:4    | Killed an orc warlord
  8815 | Orc:4    | Found a roughly hewn altar of Beogh.
  8816 | Orc:4    | Found Ickuept's Antique Armour Boutique.
  8817 | Orc:4    | Found Ziosun's Antique Weapon Shop.
  8830 | Orc:4    | Bought a bloodstained flail for 255 gold pieces
  8837 | Orc:4    | Bought an encrusted shield for 285 gold pieces
  8849 | Orc:4    | Identified the +6 shield of the Hare {+Inv rPois Dam+4} (You bought it in a shop on level 4 of the Orcish Mines)
  8851 | Orc:4    | HARE KRISHNA
  8851 | Orc:4    | Identified the cursed +1,+0 flail of Riewaeq {drain, MR++} (You bought it in a shop on level 4 of the Orcish Mines)
  8928 | Elf:1    | Entered Level 1 of the Elven Halls
  9008 | Orc:4    | Bought a wand of teleportation (3) for 273 gold pieces
  9066 | Elf:1    | Reached skill level 10 in Spellcasting
  9067 | Elf:1    | Found Klaucu's Antique Armour Shop.
  9070 | Elf:1    | Reached XP level 15. HP: 171/171 MP: 1/32
  9170 | Elf:1    | Found Trablel's Weapon Emporium.
  9191 | Elf:1    | Found Siagop's Antique Weapon Emporium.
  9317 | Elf:1    | Bought a steaming mace for 280 gold pieces
  9319 | Elf:1    | Identified the +9,+4 mace "Poakkine" {crush, rF+ Dex+3 Int+4} (You bought it in a shop on level 1 of the Elven Halls)
  9332 | Elf:1    | Found a deep blue altar of Sif Muna.
  9441 | Elf:2    | Found a magical portal.
  9451 | WizLab   | Entered a wizard's laboratory
  9576 | Elf:3    | Entered Level 3 of the Elven Halls
  9587 | Elf:3    | Reached skill level 17 in Fighting
  9739 | Elf:3    | Noticed a deep elf sorcerer
  9739 | Elf:3    | Noticed a deep elf sorcerer
  9746 | Elf:3    | Killed a deep elf sorcerer
  9761 | Elf:3    | Killed a deep elf sorcerer
  9762 | Elf:3    | Noticed a deep elf sorcerer
  9766 | Elf:3    | Killed a deep elf sorcerer
  9784 | Elf:3    | Noticed a deep elf sorcerer
  9788 | Elf:3    | Killed a deep elf sorcerer
  9861 | Elf:3    | Noticed a deep elf sorcerer
  9863 | Elf:3    | Cast into the Abyss (deep elf sorcerer)
 10052 | Abyss:1  | Noticed a lich
 10052 | Abyss:1  | Noticed a tentacled starspawn
 10060 | Abyss:1  | Killed from afar by a lich

Action                   |  1- 3 |  4- 6 |  7- 9 | 10-12 | 13-15 || total
-------------------------+-------+-------+-------+-------+-------++-------
Melee: Unarmed           |    20 |       |       |       |       ||    20
       Club              |    29 |     5 |       |       |       ||    34
       Flail             |       |    32 |       |       |       ||    32
       Giant club        |       |       |   179 |       |       ||   179
       Mace              |       |       |   166 |   401 |  1193 ||  1760
Throw: Javelin           |    11 |     2 |     1 |       |       ||    14
       Dart              |     9 |       |       |       |       ||     9
 Cast: Flame Tongue      |    42 |    22 |    57 |       |       ||   121
       Conjure Flame     |     1 |     4 |     8 |    23 |    39 ||    75
       Sticky Flame      |       |     1 |    15 |     9 |    29 ||    54
Invok: Slouch            |       |       |       |     4 |    31 ||    35
       Temporal Distorti |       |       |       |       |     1 ||     1
Evoke: Wand              |       |       |     2 |     2 |    15 ||    19
  Use: Scroll            |       |     3 |     4 |    16 |    15 ||    38
       Potion            |       |     1 |     7 |     2 |     3 ||    13
 Stab: Sleeping          |       |     1 |     2 |       |     4 ||     7
       Distracted        |       |       |       |       |     1 ||     1
